Map: Deathaura LE

Players

Serral

  • Race: Zerg Zerg
  • Spawn Location: 5:00

Dark - Winner!

  • Race: Zerg Zerg
  • Spawn Location: 11:00

Event: TSL 6

VOD

Have the link to the VOD?

Description

Time

  • Played on: Dec. 12, 2020, 1:28 p.m.
  • Length: 8:28

All games in this series

Show
View Real Time Build Order
Export as new Build Order

Serral Zerg 

Build Orders: Hatch First 

Get SALT Encoding   

  12  0:00  Drone  
  13  0:12  Overlord  
  13  0:17  Drone  
  14  0:31  Drone x2  
  16  0:47  Hatchery  
  15  0:51  Drone  
  15  0:54  Drone  
  17  0:58  Drone  
  18  1:09  Extractor  
  17  1:13  Spawning Pool  
  17  1:16  Drone  
  17  1:19  Drone  
  18  1:28  Drone  
  19  1:38  Drone  
  20  1:54  Drone  
  20  1:59  Queen x2  
  20  2:00  Zergling x2  
  20  2:01  Overlord  
  26  2:09  Metabolic Boost  
  26  2:11  Drone x2  
  28  2:21  Drone x2  
  30  2:33  Hatchery  
  30  2:35  Drone  
  30  2:38  Drone  
  30  2:43  Queen  
  33  2:51  Baneling Nest  
  32  2:52  Overlord  
  32  2:56  Drone  
  32  2:58  Drone  
  34  3:00  Zergling x2  
  34  3:03  Drone  
  36  3:11  Drone x3  
  36  3:12  Drone  
  40  3:15  Overlord  
  40  3:19  Zergling x2  
  41  3:20  Zergling x2  
  41  3:22  Drone  
  41  3:26  Zergling x2  
  44  3:28  Evolution Chamber  
  44  3:30  Drone  
  44  3:36  Drone  
  44  3:38  Drone  
  44  3:39  Drone x2  
  48  3:41  Drone  
  48  3:46  Overlord  
  49  3:49  Lair  
  49  3:50  Drone  
  49  3:51  Extractor  
  49  3:52  Drone  
  49  3:55  Drone x2  
  52  3:57  Drone  
  53  4:04  Roach Warren, Drone  
  53  4:06  Zerg Missile Weapons Level 1  
  53  4:08  Drone  
  54  4:10  Drone  
  54  4:13  Drone x2  
  54  4:15  Extractor, Drone  
  58  4:17  Drone  
  58  4:18  Drone  
  58  4:20  Overlord  
  58  4:23  Drone  
  58  4:24  Drone  
  61  4:25  Drone  
  61  4:30  Drone x3  
  65  4:32  Drone  
  65  4:35  Extractor  
  65  4:36  Extractor  
  64  4:39  Drone x2, Baneling  
  64  4:41  Drone  
  64  4:42  Overlord  
  64  4:44  Overlord  
  66  4:47  Roach  
  66  4:52  Roach x2  
  74  4:53  Roach  
  74  4:55  Glial Reconstitution  
  74  4:59  Overlord x2  
  74  5:04  Overlord  
  74  5:06  Overlord  
  73  5:09  Roach x2  
  73  5:14  Roach x2  
  81  5:17  Overlord x2  
  81  5:22  Nydus Network  
  81  5:28  Roach x3  
  86  5:29  Roach  
  86  5:33  Roach x2  
  92  5:38  Roach x3  
  98  5:48  Queen  
  98  5:49  Queen x2  
  102  5:52  Baneling x2  
  102  5:54  Roach  
  106  5:59  Nydus Canal  
  106  6:01  Overlord  
  106  6:05  Roach x3  
  106  6:11  Roach x2  
  115  6:20  Roach x2  
  115  6:21  Roach  
  115  6:22  Roach x3  
  115  6:25  Spore Crawler  
  125  6:27  Roach x2  
  125  6:30  Roach  
  125  6:31  Roach  
  125  6:32  Roach x2  
  135  6:34  Roach x2  
  135  6:38  Roach x2  
  137  6:44  Roach, Spore Crawler  
  137  6:45  Roach  
  137  6:46  Roach  
  131  6:48  Roach  
  131  6:51  Nydus Canal  
  131  6:54  Roach x2  
  123  6:58  Queen  
  123  6:59  Roach  
  123  7:08  Nydus Canal  
  115  7:09  Queen x2  
  115  7:14  Spore Crawler x2  
  107  7:17  Spore Crawler  
  104  7:23  Baneling  
  104  7:24  Spore Crawler x2  
  104  7:25  Roach  
  104  7:27  Roach  
  100  7:30  Spore Crawler  
  100  7:34  Queen  
  99  7:45  Spore Crawler, Queen  
  99  7:48  Drone  
  101  7:51  Queen  
  101  7:53  Spore Crawler  
  101  7:54  Ravager  
  101  7:55  Ravager x2  
  101  7:56  Ravager  
  106  8:02  Drone x2  
  106  8:09  Drone  
  109  8:17  Nydus Canal  
Show
View Real Time Build Order
Export as new Build Order

Dark Zerg - Winner!

Build Orders: Hatch First 

Get SALT Encoding   

  12  0:00  Drone  
  13  0:12  Overlord  
  13  0:17  Drone  
  14  0:31  Drone x2  
  16  0:47  Hatchery  
  15  0:52  Drone  
  15  0:56  Drone  
  17  0:58  Drone  
  18  1:10  Extractor  
  17  1:14  Spawning Pool  
  17  1:16  Drone  
  17  1:20  Drone  
  18  1:29  Drone  
  19  1:38  Drone  
  20  1:52  Drone  
  21  2:01  Queen x2, Drone x2  
  27  2:10  Overlord  
  27  2:13  Drone  
  27  2:14  Metabolic Boost  
  28  2:29  Zergling x2  
  29  2:30  Drone  
  29  2:32  Drone x2  
  32  2:38  Hatchery  
  32  2:43  Queen  
  33  2:52  Baneling Nest  
  33  2:54  Overlord  
  33  2:56  Drone  
  33  3:00  Drone x2  
  33  3:04  Drone  
  36  3:13  Drone x4  
  36  3:16  Overlord  
  40  3:21  Zergling x4  
  40  3:23  Drone  
  43  3:31  Drone  
  43  3:33  Lair  
  44  3:38  Evolution Chamber  
  43  3:42  Drone x2  
  43  3:43  Drone  
  43  3:44  Drone x2  
  48  3:53  Zergling x2  
  48  3:54  Zergling x2  
  48  3:55  Extractor  
  48  3:56  Drone x4  
  48  4:00  Drone, Baneling  
  55  4:02  Drone x2  
  55  4:08  Extractor  
  55  4:10  Extractor, Drone  
  55  4:15  Drone x2  
  55  4:16  Drone x2  
  58  4:23  Overlord  
  58  4:24  Overlord  
  58  4:25  Overlord  
  58  4:35  Spire  
  58  4:36  Overlord  
  57  4:38  Zergling x2  
  57  4:43  Zerg Melee Weapons Level 1  
  57  4:44  Drone x3  
  61  4:46  Drone x3  
  61  4:48  Drone x4  
  69  4:52  Drone  
  69  4:53  Drone  
  69  4:59  Drone  
  73  5:00  Overlord, Drone x2  
  73  5:02  Drone  
  73  5:09  Extractor  
  73  5:10  Extractor  
  71  5:17  Drone x2  
  71  5:18  Drone x2  
  71  5:19  Zergling x10  
  80  5:31  Spine Crawler x2  
  78  5:36  Overlord  
  78  5:45  Spine Crawler  
  78  5:46  Spine Crawler  
  78  5:47  Spine Crawler, Mutalisk x5  
  78  5:48  Mutalisk x2  
  89  5:50  Mutalisk  
  89  5:56  Zergling x14  
  98  6:13  Mutalisk x3  
  104  6:23  Mutalisk  
  106  6:28  Spine Crawler  
  106  6:30  Spine Crawler, Evolution Chamber  
  106  6:31  Mutalisk  
  102  6:38  Mutalisk  
  99  6:41  Zergling x2  
  99  6:42  Zergling x8  
  99  6:46  Mutalisk  
  101  6:50  Zergling x6  
  99  6:59  Mutalisk  
  100  7:01  Zergling x2  
  100  7:02  Zergling x2  
  100  7:06  Mutalisk  
  100  7:08  Zergling x8  
  105  7:17  Overlord x2  
  105  7:19  Overlord  
  102  7:25  Mutalisk x3  
  102  7:27  Zergling x2, Overlord  
  106  7:42  Zergling x6  
  106  7:43  Baneling  
  106  7:44  Baneling x10  
  107  7:47  Zergling x4  
  107  7:48  Zergling x6  
  112  7:56  Mutalisk  
  112  7:57  Mutalisk  
  116  7:59  Zergling x2  
  116  8:09  Zergling x4  
Tags
 
Add a new tag
Caveats
  • Supply blocks, unpowered buildings, or Contaminate may cause inaccurate times.
  • Supply counts are checked every 10 seconds.